 Dungeon Crawl Stone Soup version 0.31-a0-692-gf03d1854d5 (webtiles) character file.

Game seed: 11565732745906858591

56 qw the Shooter (level 3, -1/23 HPs)
             Began as a Gargoyle Hunter on Sept 6, 2023.
             Slain by a goblin
             ... wielding a +0 dagger
             ... led by Robin
              (3 damage)
             ... on level 2 of the Dungeon.
             The game lasted 00:00:27 (1390 turns).

qw the Shooter (Gargoyle Hunter)                    Turns: 1390, Time: 00:00:27

Health: -1/23      AC:  7    Str: 20    XL:     3   Next: 95%
Magic:  3/3        EV: 12    Int:  9    God:
Gold:   111        SH:  0    Dex: 12    Spells: 2/2 levels left

rFire   . . .        Y - +0 shortbow
rCold   . . .        (shield currently unavailable)
rNeg    + . .        a - +1 robe of the Pleiades {Contam Regen+ Str+6 Dex-3}
rPois   inf          (no helmet)
rElec   +            (no cloak)
rCorr   .            (no gloves)
SInv    .            i - +0 pair of boots
Will    .....        (no amulet)
Stlth   ++           (no ring)
HPRegen 1.03/turn    (no ring)
MPRegen 0.08/turn

%: no passive effects
@: no status effects
A: sickness immunity, AC +3, negative energy resistance 1, electricity
resistance, torment resistance 1, petrification resistance
a: no special abilities


You were on level 2 of the Dungeon.
You visited 1 branch of the dungeon, and saw 2 of its levels.

You collected 111 gold pieces.


Innate Abilities, Weirdness & Mutations

You are immune to sickness and miasma.
Your stone body is resilient. (AC +3)
You are immune to poison.
You resist negative energy. (rN+)
You are resistant to electric shocks. (rElec)
You are resistant to unholy torment.
You are immune to petrification.


   Skills:
 - Level 3.0 Fighting
 + Level 5.1 Ranged Weapons
 - Level 1.5 Dodging
 - Level 1.1 Stealth


You had 2 spell levels left.
You didn't know any spells.
Your spell library was empty.

Inventory:

Hand Weapons
 Y - a +0 shortbow (weapon)
Armour
 a - the +1 robe of the Pleiades (worn) {Contam Regen+ Str+6 Dex-3}
   (You acquired it on level 1 of the Dungeon)

   Str+6:     It affects your strength (+6).
   Dex-3:     It affects your dexterity (-3).
   Contam:    It causes magical contamination when unequipped.
   Regen+:    It increases your rate of health regeneration.
 b - a +0 cloak
 i - a +0 pair of boots (worn)
Scrolls
 d - a scroll of brand weapon {unknown}
Potions
 c - a potion of might {unknown}
 e - a potion of mutation {unknown}
 f - 2 potions of curing

Dungeon Overview and Level Annotations

Branches:
Dungeon (2/15)

Altars:

Shops:
D:1 :

Annotations:
D:2 1 runed translucent door, Crazy Yiuf, Robin


Message History

You kill the kobold!
A goblin comes into view. It is wielding a +0 club.
Robin's horned helmet rattles.
Robin throws the goblin at you! The goblin hits you but does no damage.
The goblin hits you with a +0 dagger.
You shoot an arrow. The arrow misses the goblin.
The goblin hits you but does no damage.
A goblin comes into view. It is wielding a +0 dagger.
The goblin hits you but does no damage.
You shoot an arrow. The arrow hits the goblin.
The goblin is severely wounded.
The goblin hits you with a +0 club. x2; The goblin hits you but does no damage.
You shoot an arrow. The arrow misses the goblin.
The arrow closely misses the goblin.
The arrow completely misses Robin.
The goblin barely misses you. The goblin closely misses you. x2
A goblin comes into view. It is wielding a +0 club.
A hobgoblin comes into view.
The goblin hits you but does no damage.
You shoot an arrow. The hobgoblin shouts!
The arrow hits the goblin.
You kill the goblin!
The goblin misses you. The goblin closely misses you.
A hobgoblin comes into view.
The goblin closely misses you.
Your Fighting skill increases to level 3!
You shoot an arrow.
The arrow hits Robin but does no damage.
The goblin hits you with a +0 club. x2; The goblin barely misses you.
A goblin comes into view. It is wielding a +0 club.
Robin hits you but does no damage. The goblin barely misses you.
You shoot an arrow. The arrow hits Robin.
Robin is moderately wounded.
The goblin hits you with a +0 club. The goblin hits you but does no damage.
The goblin barely misses you. Robin barely misses you.
You shoot an arrow. The arrow hits Robin.
Robin is severely wounded.
The goblin barely misses you. The goblin hits you but does no damage.
The goblin hits you with a +0 club. The goblin hits you with a +0 dagger.
You die...

####. #..... ..#..)
... #...... ....
##....... ....
#.....gg. .....
####ggggg...
.....####..g@.......
..........##gg..?...
........############
[. ........# #.
>.......####### ..
.........#..#.### ###
..
>............#..##...#
..
.....#......####.+...#
.. #........#.##
###..)#


You could see Robin, 2 hobgoblins and 7 goblins.

Vanquished Creatures
  2 adders (D:2)
  A dart slug (D:2)
  3 endoplasms
  A giant cockroach (D:2)
  4 goblins
  2 hobgoblins (D:1)
  10 jackals (D:1)
  A kobold (D:2)
  4 ball pythons
  A bat (D:1)
  A rat (D:1)
30 creatures vanquished.

Notes
Turn   | Place    | Note
-------+----------+-------------------------------------------
     0 | D:1      | qw the Gargoyle Hunter began the quest for the Orb.
     0 | D:1      | Reached XP level 1. HP: 12/12 MP: 1/1
     0 | D:1      | 0 ||| qw: Version: 0.3-a-76-g4403597
     0 | D:1      | 0 ||| qw: Game counter: 279
     0 | D:1      | 0 ||| qw: Melee chars always use a shield: true
     0 | D:1      | 0 ||| qw: God list: Okawaru
     0 | D:1      | 0 ||| qw: Allow faded altars: false
     0 | D:1      | 0 ||| qw: Do Orc after clearing Dungeon:15 true
     0 | D:1      | 0 ||| qw: Do second Lair branch before Depths: true
     0 | D:1      | 0 ||| qw: Lair rune preference: random
     0 | D:1      | 0 ||| qw: Goals: Normal
     0 | D:1      | 0 ||| PLANNING D:1-11
   216 | D:1      | Reached XP level 2. HP: 17/17 MP: 2/2
   396 | D:1      | Found Xuixkoez's Book Shoppe.
  1048 | D:1      | 1048 ||| UPGRADING to +0 pair of boots.
  1053 | D:1      | 1053 ||| UPGRADING to +0 ring mail.
  1063 | D:1      | 1063 ||| DROPPING +0 leather armour.
  1064 | D:1      | 1064 ||| READING scroll labelled JEG IVVEEMADWO.
  1065 | D:1      | 1065 ||| READING scroll labelled NUYHOE VAELO.
  1066 | D:1      | 1066 ||| READING scroll labelled SAIFOUZ ARGHINE.
  1067 | D:1      | 1067 ||| READING scroll labelled WEXTOC ZAIQOWN.
  1067 | D:1      | Identified a scroll of acquirement
  1067 | D:1      | 1067 ||| ACQUIRING +1 robe of the Pleiades {Contam Regen+
                  | Str+6 Dex-3}
  1067 | D:1      | Acquired the +1 robe of the Pleiades {Contam Regen+ Str+6
                  | Dex-3}
  1069 | D:1      | 1069 ||| UPGRADING to +1 robe of the Pleiades {Contam
                  | Regen+ Str+6 Dex-3}.
  1079 | D:1      | 1079 ||| DROPPING +0 ring mail.
  1080 | D:1      | 1080 ||| DRINKING 3 white potions.
  1081 | D:1      | 1081 ||| DROPPING scroll of butterflies.
  1170 | D:2      | Reached XP level 3. HP: 21/21 MP: 3/3
  1178 | D:2      | Reached skill level 5 in Ranged Weapons
  1355 | D:2      | Found a runed translucent door.
  1356 | D:2      | Noticed Crazy Yiuf
  1380 | D:2      | Noticed Robin
  1388 | D:2      | Reached skill level 3 in Fighting
  1390 | D:2      | HP: 2/23 [goblin/+0 club[Robin] (6)]
  1390 | D:2      | Slain by a goblin

Levels and vault maps discovered:
D:1:      dpeg_arrival_rooms_c, layout_basic, serial_shops, nicolae_shop_trees
D:2:      layout_rooms, basic_altar, hex_large, minmay_pentomino_pile,
          uniq_crazy_yiuf_cottage, uniq_robin

Skill      XL: |  1  2  3 |
---------------+----------+-----
Ranged Weapons | 5 |  5.1
Fighting       | 3 |  3.0
Dodging        | |  1.5
Stealth        | |  1.1

Action                     || total
---------------------------++-------
   Fire: Shortbow          ||   110
    Use: Scroll            ||     4
         Potion            ||     1
 Armour: Leather armour    ||    23
         Robe              ||    33
  Dodge: Dodged            ||    55

Table legend:
 A = Non-vault XP
 B = Vault XP
 C = Vault XP percentage of total XP
 D = Non-vault monster count
 E = Vault monster count
 F = Vault count percentage of total count
                 A         B        C        D         E       F
            +---------+---------+-------+---------+---------+-------
      Total |      66 |      14 |  17.5 |      23 |       7 |  23.3
            +---------+---------+-------+---------+---------+-------
        D:1 |      33 |       0 |   0.0 |      18 |       0 |   0.0
        D:2 |      33 |      14 |  29.8 |       5 |       7 |  58.3
            +---------+---------+-------+---------+---------+-------
